 Dungeon Crawl Stone Soup version 0.30.1-4-g462c640d31 (webtiles) character file.

Game seed: 13996340031289397811

13315 spardeous the Severer (level 11, -2/114 HPs)
             Began as a Minotaur Berserker on Aug 21, 2023.
             Was a High Priest of Trog.
             Succumbed to Nessos's poison
             ... on level 12 of the Dungeon.
             The game lasted 00:18:01 (9955 turns).

spardeous the Severer (Minotaur Berserker)          Turns: 9955, Time: 00:18:01

Health: -2/114     AC: 19    Str: 25    XL:     11   Next: 74%
Magic:  10/10      EV: 14    Int:  4    God:    Trog [*****.]
Gold:   1069       SH:  0    Dex: 11    Spells: 10/10 levels left

rFire   . . .        Q - +2 battleaxe (heavy)
rCold   . . .        (shield currently unavailable)
rNeg    . . .        q - +4 chain mail {Will+}
rPois   .            (helmet restricted)
rElec   .            r - +0 cloak
rCorr   .            a - +0 pair of gloves
SInv    .            (no boots)
Will    +....        g - amulet of regeneration Stlth
                     y - +5 ring of evasion
HPRegen 1.19/turn    Z - +4 ring of protection
MPRegen 0.12/turn

%: no passive effects
@: lethally poisoned (-2 -> -36), on berserk cooldown, hasted and slowed
A: horns 2, retaliatory headbutt
a: Renounce Religion, Berserk, Trog's Hand, Brothers in Arms


You were on level 12 of the Dungeon.
You worshipped Trog.
Trog was extremely pleased with you.
You visited 1 branch of the dungeon, and saw 12 of its levels.
You also visited: Ossuary.

You collected 1069 gold pieces.

Inventory:

Hand Weapons
 P - a +0 broad axe
 Q - a +2 heavy battleaxe (weapon)
Missiles
 t - 4 throwing nets (quivered)
 X - 9 poisoned darts
Armour
 a - a +0 pair of gloves (worn)
 q - a +4 chain mail of willpower (worn)
 r - a +0 cloak (worn)
Jewellery
 b - a ring of fire
 f - an amulet of magic regeneration
 g - an amulet of regeneration (around neck)
 y - a +5 ring of evasion (left hand)
 C - an amulet of faith
 E - a ring of flight
 L - an amulet of reflection
 Z - a +4 ring of protection (right hand)
Wands
 c - a wand of mindburst (6)
 n - a wand of iceblast (10)
 D - a wand of polymorph (10)
 H - a wand of flame (25)
 S - a wand of charming (8)
 U - a wand of acid (3)
Scrolls
 d - a scroll of immolation {unknown}
 e - 5 scrolls of poison
 i - 4 scrolls of acquirement
 l - 7 scrolls of teleportation
 m - 4 scrolls of fog
 o - 4 scrolls of magic mapping
 v - a scroll of torment
 w - 2 scrolls of fear {unknown}
 x - 2 scrolls of silence
 G - 3 scrolls of amnesia
 J - a scroll of identify
 M - a scroll of blinking
 N - a scroll of vulnerability {unknown}
 O - 4 scrolls of enchant armour
 R - a scroll of summoning
 T - a scroll of brand weapon {unknown}
 W - a scroll of enchant weapon
Potions
 h - 2 potions of attraction
 j - 5 potions of brilliance
 k - 3 potions of cancellation
 p - 5 potions of curing
 s - 4 potions of might
 u - 4 potions of lignification
 z - a potion of invisibility
 A - 2 potions of heal wounds
 B - 3 potions of haste
 F - 3 potions of magic
 I - 2 potions of berserk rage
 K - 2 potions of flight


   Skills:
 + Level 16.1 Fighting
 + Level 16.1 Axes
 - Level 2.4 Armour
 - Level 2.1 Dodging


You had 10 spell levels left.
You didn't know any spells.
Your spell library was empty.

Dungeon Overview and Level Annotations

Branches:
Dungeon (12/15)            Temple (0/1) D:5            Lair (0/5) D:8
    Orc (0/2) D:10        Ossuary (visited)

Altars:
Hepliaklqana
Kikubaaqudgha
Makhleb
Okawaru
Sif Muna
Uskayaw
Xom
Yredelemnul
Zin
Jiyva

Shops:
D:4 =   D:9 :

Annotations:
D:8 2 transporters
D:12 Nessos


Innate Abilities, Weirdness & Mutations

You have a pair of horns on your head.
You reflexively headbutt those who attack you in melee.


Message History

You feel better.
Nessos wields a +1 longbow of flaming.
It bursts into flame!
Nessos shoots an arrow.
The arrow hits you.
* * * LOW HITPOINT WARNING * * *
The arrow burns you.
* * * LOW HITPOINT WARNING * * *
Nessos shoots an arrow.
The arrow hits you.
* * * LOW HITPOINT WARNING * * *
The arrow burns you.
You are poisoned.
* * * LOW HITPOINT WARNING * * *
You take 2 damage, and have 30/114 hp.
You feel very sick.
Nessos shoots an arrow.
The arrow hits you!
* * * LOW HITPOINT WARNING * * *
The arrow burns you.
You are more poisoned.
* * * LOW HITPOINT WARNING * * *
Nessos shoots an arrow.
The arrow hits you.
* * * LOW HITPOINT WARNING * * *
The arrow burns you.
You are lethally poisoned!
* * * LOW HITPOINT WARNING * * *
You take 16 damage, and have 14/114 hp.
You feel much better.
You feel extremely sick.
Nessos shoots an arrow.
The arrow hits you!!
* * * LOW HITPOINT WARNING * * *
The arrow burns you.
You are more poisoned.
* * * LOW HITPOINT WARNING * * *
You take 7 damage, and have 7/114 hp.
Okay, then.
Okay, then.
Okay, then.
Unknown command.
Okay, then.
Blink to where?
Press: ? - help, Dir - move target
As you read the scroll of blinking, it crumbles to dust.
You die...

##########.#
#(......[..###
#..........).#
#.##########.# #.#
########.# #.# #>........
######### #.###.#####...
........####......###...#
#.....@...............#
#####.####.###..###...#
#.# #..c........... #.#
#..###..^...... #ยง###..#
##.####.## #..c...# #.#
#.# ####.#[####.# #.#
.......###...#.####.#
####### ##.#....#.#


There were no monsters in sight!

Vanquished Creatures
  2 two-headed ogres
  A deep elf pyromancer (D:12)
  A manticore (D:11)
  Joseph (D:9)
  A guardian serpent (D:11)
  A gargoyle (D:11)
  Maggie (D:9)
  An unseen horror (D:11)
  A komodo dragon (D:10)
  3 trolls
  A slime creature (D:7)
  Sigmund (D:3)
  2 wraiths
  2 shadows (D:11)
  4 wyverns
  A human (D:9)
  10 yaks
  Menkaure (D:4)
  3 steam dragons
  The ghost of rvierbuc the Conjurer, an amateur DgCj (D:4)
  2 vampire mosquitoes (D:11)
  Edmund (D:6)
  Duvessa (D:4)
  2 water moccasins
  6 orc warriors
  A black bear (D:6)
  4 ice beasts
  2 ogres (D:5)
  3 centaurs
  3 kobold brigands (D:8)
  2 phantoms
  3 bullfrogs
  2 gnoll sergeants
  3 scorpions
  Dowan (D:4)
  23 killer bees
  7 howler monkeys
  4 orc priests
  2 jellies
  4 iguanas
  3 sleepcaps
  Ijyb (D:3)
  Terence (D:3)
  Natasha (thrice) (D:3)
  8 orc wizards
  8 mummies (Ossuary)
  6 gnolls
  7 adders
  2 white imps
  3 ufetubi
  2 dart slugs (D:2)
  5 worms
  29 orcs
  8 ball pythons
  7 endoplasms
  2 giant cockroaches
  2 gnoll zombies (Ossuary)
  8 goblins
  8 hobgoblins
  5 jackals
  4 quokkas
  7 bats
  4 frilled lizards
  A goblin skeleton (D:9)
  2 hobgoblin zombies (Ossuary)
  A jackal zombie (D:9)
  15 kobolds
  2 kobold zombies (Ossuary)
  2 orc zombies (Ossuary)
  A quokka zombie (D:4)
  4 rats
  A rat zombie (D:4)
277 creatures vanquished.

Notes
Turn   | Place    | Note
-------+----------+-------------------------------------------
     0 | D:1      | spardeous the Minotaur Berserker began the quest for the
                  | Orb.
     0 | D:1      | Reached XP level 1. HP: 19/19 MP: 0/0
   163 | D:1      | Reached XP level 2. HP: 25/27 MP: 1/1
   753 | D:2      | Reached XP level 3. HP: 34/34 MP: 2/2
  1018 | D:2      | Reached ** piety under Trog
  1414 | D:3      | Noticed Ijyb
  1421 | D:3      | Killed Ijyb
  1422 | D:3      | Reached skill level 5 in Fighting
  1422 | D:3      | Reached skill level 5 in Axes
  1422 | D:3      | Reached XP level 4. HP: 38/42 MP: 3/3
  1463 | D:3      | Noticed Sigmund
  1470 | D:3      | Killed Sigmund
  1471 | D:3      | Reached XP level 5. HP: 50/50 MP: 4/4
  1618 | D:3      | Noticed Terence
  1629 | D:3      | Killed Terence
  1630 | D:3      | Reached XP level 6. HP: 55/58 MP: 5/5
  1702 | D:3      | Noticed Natasha
  1708 | D:3      | Killed Natasha
  2078 | D:3      | Identified the +0 leather armour of Dubyogo {Dex+5}
  2161 | D:3      | Noticed Natasha
  2172 | D:3      | Killed Natasha
  2202 | D:3      | Noticed Natasha
  2206 | D:3      | Killed Natasha
  2380 | D:4      | Reached *** piety under Trog
  2454 | D:4      | Found a sand-covered staircase.
  2471 | Ossuary  | Entered an ossuary
  2494 | Ossuary  | Reached XP level 7. HP: 47/66 MP: 6/6
  2703 | D:4      | Noticed Dowan
  2704 | D:4      | Noticed Duvessa
  2707 | D:4      | Found Sulius's Jewellery Shoppe.
  2729 | D:4      | Killed Duvessa
  2729 | D:4      | Killed Dowan
  2741 | D:4      | Noticed Menkaure
  2820 | D:4      | Killed Menkaure
  2852 | D:4      | Found a runed translucent gate.
  2855 | D:4      | Noticed rvierbuc's ghost (amateur DgCj)
  2958 | D:4      | Found a shimmering blue altar of Sif Muna.
  3015 | D:4      | Found a runed translucent gate.
  3016 | D:4      | Found a runed translucent gate.
  3127 | D:5      | Entered Level 5 of the Dungeon
  3128 | D:5      | Found a staircase to the Ecumenical Temple.
  3154 | D:5      | Reached **** piety under Trog
  3155 | D:5      | Reached XP level 8. HP: 32/75 MP: 7/7
  3964 | D:5      | Reached skill level 10 in Axes
  4168 | D:6      | Reached skill level 10 in Fighting
  4254 | D:6      | Noticed Edmund
  4271 | D:6      | Killed Edmund
  4486 | D:6      | Reached XP level 9. HP: 85/86 MP: 8/8
  5109 | D:6      | You fall into a shaft and drop 2 floors!
  5220 | D:8      | Found a staircase to the Lair.
  5221 | D:8      | Noticed a two-headed ogre
  5231 | D:8      | Killed a two-headed ogre
  5249 | D:8      | Found a viscous altar of Jiyva.
  5251 | D:8      | Noticed a great orb of eyes
  5472 | D:8      | Reached ***** piety under Trog
  5487 | D:8      | Found a transporter.
  5490 | D:8      | Found a transporter.
  5574 | D:8      | Found a hide-covered altar of Uskayaw.
  5607 | D:8      | Identified the +5 sling of Crusades {freeze, Will+}
  5719 | D:8      | Found an ancient bone altar of Kikubaaqudgha.
  5806 | D:8      | Reached XP level 10. HP: 89/100 MP: 9/9
  6316 | D:7      | Received a gift from Trog
  6593 | D:7      | Found a burning altar of Makhleb.
  6598 | D:7      | Found a glowing silver altar of Zin.
  6598 | D:7      | Noticed an angel
  6602 | D:7      | Noticed a blizzard demon
  6815 | D:7      | Found a shimmering altar of Xom.
  7031 | D:4      | Killed rvierbuc's ghost
  7364 | D:9      | Found Uczeli's Book Boutique.
  7386 | D:9      | Noticed Maggie
  7399 | D:9      | Killed Maggie
  7503 | D:9      | Noticed Joseph
  7521 | D:9      | Killed Joseph
  7754 | D:9      | Found a runed translucent door.
  7775 | D:9      | Found a hazy altar of Hepliaklqana.
  7775 | D:9      | Found a basalt altar of Yredelemnul.
  8011 | D:10     | Entered Level 10 of the Dungeon
  8039 | D:10     | Noticed a two-headed ogre
  8044 | D:10     | Reached XP level 11. HP: 104/111 MP: 10/10
  8052 | D:10     | Killed a two-headed ogre
  8201 | D:10     | Received a gift from Trog
  8330 | D:10     | Found a staircase to the Orcish Mines.
  8333 | D:10     | Reached skill level 15 in Fighting
  8333 | D:10     | Reached skill level 15 in Axes
  8346 | D:10     | Found an iron altar of Okawaru.
  9056 | D:11     | Identified 3 scrolls of acquirement
  9841 | D:12     | Noticed a deep elf pyromancer
  9846 | D:12     | Killed a deep elf pyromancer
  9939 | D:12     | Noticed Nessos
  9955 | D:12     | Succumbed to Nessos's poison

Illustrated notes

Levels and vault maps discovered:
D:1:      lemuel_arrival_broad_hall, layout_rooms, minmay_tripent
D:2:      layout_loops_corners, guppyfry_early_lair_pool
D:3:      layout_basic, uniq_sigmund, uniq_ijyb, uniq_terence, uniq_natasha
D:4:      layout_cave_pools, lemuel_tele_altar, enter_ossuary_4, serial_shops,
          shop, gammafunk_ghost_split, uniq_duvessa, uniq_menkaure
D:5:      layout_gridville, minmay_temple_entry_slanted
D:6:      layout_layer_cave, abandoned_shop, uniq_edmund
D:7:      layout_loops_ring, tgw_xom, grunt_temple_overflow_order_and_chaos_2,
          minmay_microvault
D:8:      gammafunk_jiyva_shrine, layout_basic, nicolae_uskayaw_dance_studio,
          kennysheep_mini_moat, lair_entry_dummy, hangedman_glass_teeth,
          kennysheep_opposing_triangles
D:9:      layout_cave_pools, nicolae_hepliaklqana_hazy_memory,
          dk_yredelemnul_ordeal, serial_shops, shop, uniq_joseph, uniq_maggie
D:10:     layout_gridville, overflow_temple_1_default, orc_0_dummy
D:11:     layout_small_grid, nrook_guardian_serpent_double
D:12:     layout_loops_ring, nicolae_trove_entry_diagonal, uniq_nessos,
          uniq_erolcha

Skill      XL: |  1  2  3  4  5  6  7  8  9 10 11 |
---------------+----------------------------------+-----
Fighting       | 4 5 6 7 8 10 12 14 16 | 16.1
Axes           | 4 5 6 7 8 10 12 14 16 | 16.1
Armour         | |  2.4
Dodging        | |  2.1

Action                     |  1- 3 |  4- 6 |  7- 9 | 10-12 || total
---------------------------+-------+-------+-------+-------++-------
  Melee: Hand axe          |    77 |   108 |   341 |   133 ||   659
         Headbutt          |    12 |    15 |    88 |    60 ||   175
         Punch             |       |       |     3 |     6 ||     9
         Broad axe         |       |       |       |   160 ||   160
         Battleaxe         |       |       |       |     6 ||     6
 Invoke: Berserk           |       |     1 |     3 |     2 ||     6
    Use: Scroll            |       |       |       |    26 ||    26
         Potion            |       |       |       |     4 ||     4
   Stab: Sleeping          |     1 |       |       |       ||     1
         Distracted        |       |       |       |     1 ||     1
 Armour: Animal skin       |    11 |     4 |       |       ||    15
         Chain mail        |       |    35 |   122 |   113 ||   270
  Dodge: Dodged            |    52 |    55 |   168 |   242 ||   517
